 Dungeon Crawl Stone Soup version 0.28.0-53-g5a82cb258f (webtiles) character file.

Game seed: 14918393783732091388

575 DocClef the Magician (level 7, -1/51 HPs)
             Began as a Gnoll Hedge Wizard on July 10, 2022.
             Was a Follower of Okawaru.
             Slain by a phantom (7 damage)
             ... on level 5 of the Dungeon.
             The game lasted 00:08:46 (6996 turns).

DocClef the Magician (Gnoll Hedge Wizard)           Turns: 6996, Time: 00:08:47

Health: -1/51      AC:  3    Str: 10    XL:     7   Next: 35%
Magic:  27/27      EV: 13    Int: 15    God:    Okawaru [*.....]
Gold:   66         SH:  4    Dex: 11    Spells: 15/21 levels left

rFire   . . .      SeeInvis .   t - +2 dagger (venom)
rCold   . . .      Faith    .   C - +0 buckler
rNeg    . . .      Spirit   .   b - +0 robe
rPois   .          Reflect  .   c - +0 hat
rElec   .          Harm     .   d - +0 cloak
rCorr   .          Rampage  .   (no gloves)
Will    .....                   (no boots)
Stlth   +++.......              q - amulet of magic regeneration
HPRegen 0.17/turn               i - ring of magical power
MPRegen 0.60/turn               (no ring)

@: no status effects
A: fangs 1, strong nose, distributed training
a: Renounce Religion, Heroism


You were on level 5 of the Dungeon.
You worshipped Okawaru.
Okawaru was aware of your devotion.
You visited 2 branches of the dungeon, and saw 6 of its levels.

You collected 143 gold pieces.
You spent 77 gold pieces at shops.

Inventory:

Hand Weapons
 t - a +2 dagger of venom (weapon)
Armour
 b - a +0 robe (worn)
 c - a +0 hat (worn)
 d - a +0 cloak (worn)
 C - a +0 buckler (worn)
Jewellery
 i - a ring of magical power (left hand)
 q - an amulet of magic regeneration (around neck)
Wands
 k - a wand of acid (9)
 v - a wand of iceblast (5)
 y - a wand of flame (19)
 A - a wand of polymorph (3)
Scrolls
 e - 6 scrolls of teleportation {unknown}
 h - a scroll of fog {unknown}
 j - a scroll of torment {unknown}
 l - 3 scrolls of identify {unknown}
 m - 2 scrolls of immolation {unknown}
 w - a scroll of vulnerability {unknown}
 x - a scroll of holy word {unknown}
 B - a scroll of magic mapping {unknown}
Potions
 a - a potion of invisibility {unknown}
 f - a potion of mutation {unknown}
 g - a potion of attraction {unknown}
 n - a potion of brilliance {unknown}
 o - 3 potions of lignification {unknown}
 p - a potion of heal wounds {unknown}
 r - a potion of might
 s - a potion of curing
 u - a potion of haste {unknown}
 z - a potion of resistance {unknown}


   Skills:
 + Level 2.4 Fighting
 + Level 2.4 Short Blades
 + Level 2.4 Long Blades
 + Level 2.4 Axes
 + Level 2.4 Maces & Flails
 + Level 2.4 Polearms
 + Level 2.4 Staves
 + Level 2.4 Slings
 + Level 2.4 Bows
 + Level 2.4 Crossbows
 + Level 2.4 Throwing
 + Level 2.4 Armour
 + Level 5.2 Dodging
 + Level 4.9 Stealth
 + Level 2.4 Shields
 + Level 2.4 Unarmed Combat
 + Level 7.6 Spellcasting
 + Level 2.9 Conjurations
 + Level 2.0 Hexes
 + Level 2.9 Summonings
 + Level 2.0 Necromancy
 + Level 2.9 Translocations
 + Level 2.0 Transmutations
 + Level 2.0 Fire Magic
 + Level 2.0 Ice Magic
 + Level 2.0 Air Magic
 + Level 2.0 Earth Magic
 + Level 2.0 Poison Magic
 + Level 2.7 Invocations
 + Level 2.4 Evocations


You had 15 spell levels left.
You knew the following spells:

 Your Spells              Type           Power      Damage    Failure   Level
a - Magic Dart            Conj           56%        1d5       4%          1
b - Blink                 Tloc           28%        N/A       8%          2
c - Call Imp              Summ           14%        N/A       8%          2
d - Slow                  Hex            44%        N/A       8%          1

Your spell library contained the following spells:

 Spells                   Type           Power      Damage    Failure   Level
 Apportation              Tloc           28%        N/A       4%          1
 Sandblast                Erth           22%        2d7       8%          1
 Passwall                 Tmut/Erth      9%         N/A       11%         2
 Conjure Flame            Conj/Fire      13%        6-21      19%         3
 Mephitic Cloud           Conj/Pois/Air  12%        N/A       19%         3
 Stone Arrow              Conj/Erth      26%        3d8       19%         3
 Confusing Touch          Hex            11%        N/A       22%         3
 Ignite Poison            Fire/Tmut/Pois 11%        N/A       22%         3
 Inner Flame              Hex/Fire       11%        N/A       22%         3
 Vampiric Draining        Necr           11%        2d6       22%         3
 Sticky Flame             Conj/Fire      13%        2d4       52%         4
 Cause Fear               Hex            5%         N/A       58%         4
 Iskenderun's Battlesphe  Conj           14%        2d7       80%         5
 Fireball                 Conj/Fire      6%         3d5       86%         5
 Conjure Ball Lightning   Conj/Air       6%         3x3d6     100%        6
 Orb of Destruction       Conj           7%         9d6       100%        7
 Discord                  Hex            5%         N/A       100%        8
 Summon Small Mammal      Summ           Unusable   N/A       N/A         1
 Animate Skeleton         Necr           Unusable   N/A       N/A         1

Dungeon Overview and Level Annotations

Branches:
Dungeon (5/15)             Temple (1/1) D:4

Altars:
Cheibriados
Dithmenos
Nemelex Xobeh
Okawaru
Qazlal
Uskayaw
Wu Jian

Shops:
D:3 !   D:4 :


Innate Abilities, Weirdness & Mutations

You have very sharp teeth.
Your uncanny sense of smell can sniff out nearby items.
Your experience applies equally to all skills.


Message History

The phantom is severely damaged.
The phantom completely misses you.
You barely miss the phantom.
The phantom is severely damaged.
You closely miss the phantom.
The phantom is severely damaged.
The phantom hits you.
* * * LOW HITPOINT WARNING * * *
The phantom blinks!
You blink.
You hit the phantom. You bite the phantom, but do no damage.
The phantom is severely damaged.
You block the phantom's attack.
You miss the phantom. You bite the phantom, but do no damage.
The phantom is severely damaged.
You hit the phantom but do no damage.
The phantom is severely damaged.
The phantom misses you.
You hit the phantom.
The phantom is severely damaged.
The phantom hits you but does no damage.
You hit the phantom.
The phantom is almost destroyed.
You barely miss the phantom.
The phantom is almost destroyed.
The phantom closely misses you.
You closely miss the phantom.
The phantom is almost destroyed.
The phantom hits you.
* * * LOW HITPOINT WARNING * * *
You hit the phantom.
The phantom is almost destroyed.
The phantom hits you.
* * * LOW HITPOINT WARNING * * *
You closely miss the phantom.
The phantom is almost destroyed.
You feel like a meek peon again.
You hit the phantom.
The phantom is almost destroyed.
The phantom hits you!
You die...

#####.......#.#...
#...'.......#.#...
#.###....#....#...
#.# #....#....#...
#.# #....#....####
#.# #....#....####
#.# #.............
#W# #.............
#@# #.............
#.# #.............
#.###########.....
#.#...............
#.# ###....###....
#.# #....'......
#.# ##....######.
#.#∆##.........#..
#.#.........##.#..


You could see a phantom.

Vanquished Creatures
  An ogre (D:4)
  A necrophage (D:4)
  A scorpion (D:5)
  A hound (D:5)
  Ijyb (D:5)
  An iguana (D:4)
  3 orc wizards (D:4)
  A gnoll (D:3)
  3 adders
  A dart slug (D:1)
  9 orcs
  12 ball pythons
  9 bats
  11 endoplasms
  6 giant cockroaches
  10 goblins
  4 hobgoblins
  12 jackals
  5 quokkas
  6 frilled lizards
  9 kobolds
  10 rats
117 creatures vanquished.

Vanquished Creatures (collateral kills)
  2 gnolls (D:3)
2 creatures vanquished.

Grand Total: 119 creatures vanquished

Notes
Turn   | Place    | Note
-------+----------+-------------------------------------------
     0 | D:1      | DocClef the Gnoll Hedge Wizard began the quest for the Orb.
     0 | D:1      | Reached XP level 1. HP: 13/13 MP: 8/8
   187 | D:1      | Reached XP level 2. HP: 19/19 MP: 1/10
   945 | D:1      | Reached XP level 3. HP: 25/25 MP: 7/11
  1807 | D:2      | Reached skill level 1 in Invocations
  1908 | D:2      | Reached skill level 1 in Fighting
  1908 | D:2      | Reached skill level 1 in Short Blades
  1908 | D:2      | Reached skill level 1 in Long Blades
  1908 | D:2      | Reached skill level 1 in Axes
  1908 | D:2      | Reached skill level 1 in Maces & Flails
  1908 | D:2      | Reached skill level 1 in Polearms
  1908 | D:2      | Reached skill level 1 in Staves
  1908 | D:2      | Reached skill level 1 in Slings
  1908 | D:2      | Reached skill level 1 in Bows
  1908 | D:2      | Reached skill level 1 in Crossbows
  1908 | D:2      | Reached skill level 1 in Throwing
  1908 | D:2      | Reached skill level 1 in Armour
  1908 | D:2      | Reached skill level 1 in Shields
  1908 | D:2      | Reached skill level 1 in Unarmed Combat
  1908 | D:2      | Reached skill level 1 in Evocations
  2032 | D:2      | Found a sparkling altar of Nemelex Xobeh.
  2060 | D:2      | Found a faded altar of an unknown god.
  2125 | D:2      | Reached XP level 4. HP: 32/32 MP: 10/13
  2583 | D:2      | Learned a level 2 spell: Blink
  2586 | D:2      | Learned a level 2 spell: Call Imp
  2588 | D:2      | Learned a level 1 spell: Slow
  2899 | D:3      | Found Zaafyvam's Distillery.
  2907 | D:3      | Bought a potion of might for 44 gold pieces
  2907 | D:3      | Bought a potion of curing for 33 gold pieces
  2952 | D:3      | Reached skill level 1 in Hexes
  2952 | D:3      | Reached skill level 1 in Necromancy
  2952 | D:3      | Reached skill level 1 in Transmutations
  2952 | D:3      | Reached skill level 1 in Fire Magic
  2952 | D:3      | Reached skill level 1 in Ice Magic
  2952 | D:3      | Reached skill level 1 in Air Magic
  2952 | D:3      | Reached skill level 1 in Earth Magic
  2952 | D:3      | Reached skill level 1 in Poison Magic
  3635 | D:3      | Reached XP level 5. HP: 37/37 MP: 14/14
  4361 | D:4      | Found a staircase to the Ecumenical Temple.
  4393 | Temple   | Entered the Ecumenical Temple
  4402 | Temple   | Became a worshipper of Warmaster Okawaru
  4495 | D:4      | Found Rauntiy's Book Boutique.
  4520 | D:4      | Found a hide-covered altar of Uskayaw.
  4529 | D:4      | Noticed a necrophage
  4547 | D:4      | Killed a necrophage
  4548 | D:4      | Reached XP level 6. HP: 36/44 MP: 16/16
  4837 | D:4      | HP: 2/44 [iguana (13)]
  4841 | D:4      | Reached skill level 5 in Dodging
  5205 | D:4      | Reached * piety under Okawaru
  5605 | D:4      | HP: 1/44 [orc wizard/puff of flame (12)]
  5611 | D:4      | Reached XP level 7. HP: 15/50 MP: 18/18
  6494 | D:5      | Entered Level 5 of the Dungeon
  6804 | D:5      | Noticed Ijyb
  6822 | D:5      | Killed Ijyb
  6996 | D:5      | Slain by a phantom

Illustrated notes

Levels and vault maps discovered:
D:1:      scummos_arrival_simple_fountains, layout_basic,
          chequers_serial_rivers_micro_d, minmay_split_cup_large
D:2:      layout_rooms, basic_altar, ebering_ecumenical_altar_ruins,
          minmay_surrounded
D:3:      minmay_bubble_buster, layout_loops_corners, serial_shops,
          nicolae_shop_advertising_works [nicolae_subvault_shop_adworks]
D:4:      layout_loops_ring, lemuel_tele_altar, minmay_temple_entry_ruins,
          serial_shops, nicolae_inconvenience_store
D:5:      layout_basic, uniq_ijyb
Temple:   mainiacjoe_temple_coin_purse

Skill      XL: |  1  2  3  4  5  6  7 |
---------------+----------------------+-----
Conjurations   | 2 |  2.9
Summonings     | 2 |  2.9
Translocations | 2 |  2.9
Invocations    | 1 2 |  2.7
Fighting       | 1 2 |  2.4
Short Blades   | 1 2 |  2.4
Long Blades    | 1 2 |  2.4
Axes           | 1 2 |  2.4
Maces & Flails | 1 2 |  2.4
Polearms       | 1 2 |  2.4
Staves         | 1 2 |  2.4
Slings         | 1 2 |  2.4
Bows           | 1 2 |  2.4
Crossbows      | 1 2 |  2.4
Throwing       | 1 2 |  2.4
Armour         | 1 2 |  2.4
Shields        | 1 2 |  2.4
Unarmed Combat | 1 2 |  2.4
Evocations     | 1 2 |  2.4
Hexes          | 1 2 |  2.0
Necromancy     | 1 2 |  2.0
Transmutations | 1 2 |  2.0
Fire Magic     | 1 2 |  2.0
Ice Magic      | 1 2 |  2.0
Air Magic      | 1 2 |  2.0
Earth Magic    | 1 2 |  2.0
Poison Magic   | 1 2 |  2.0
Dodging        | 5 |  5.2
Stealth        | |  4.9
Spellcasting   | |  7.6

Action                   |  1- 3 |  4- 6 |  7- 9 || total
-------------------------+-------+-------+-------++-------
Melee: Dagger            |     5 |    91 |    46 ||   142
       Bite              |     1 |    10 |     5 ||    16
       Punch             |       |     3 |       ||     3
 Cast: Magic Dart        |   116 |   117 |    29 ||   262
       Slow              |       |     4 |     1 ||     5
       Call Imp          |       |     3 |       ||     3
       Blink             |       |     2 |       ||     2
Invok: Heroism           |       |     1 |     1 ||     2
  Use: Potion            |       |     1 |       ||     1
 Stab: Sleeping          |       |     4 |     1 ||     5
Armor: Robe              |     8 |    18 |     4 ||    30
Dodge: Dodged            |    21 |    66 |    23 ||   110
Block: Buckler           |       |       |     4 ||     4
